 Dungeon Crawl Stone Soup version 0.20-a0-901-g27f6fa8 (webtiles) character file.

57 JeffiDaFish the Digger (level 4, 0/24 HPs)
             Began as a Gargoyle Earth Elementalist on Mar 19, 2017.
             Slain by an adder (4 damage)
             ... on level 2 of the Dungeon.
             The game lasted 00:03:15 (1087 turns).

JeffiDaFish the Digger (GrEE)                       Turns: 1087, Time: 00:03:16

Health: 0/24       AC:  5    Str: 12    XL:     4   Next: 0%
Magic:  8/8        EV: 12    Int: 15    God:
Gold:   48         SH:  3    Dex: 11    Spells: 7/8 levels left

rFire    + . .     SeeInvis .   f - +0 short sword
rCold    + . .     Gourm    .   a - +0 robe {rC+ rF+}
rNeg     + . .     Faith    .   (no shield)
rPois    ∞         Spirit   .   (no helmet)
rElec    +         Reflect  +   (no cloak)
rCorr    .         Harm     .   (no gloves)
MR       .....                  (no boots)
Stlth    ++........             g - +3 amulet of reflection (curse)
Regen    0.1/turn               (no ring)
MPRegen  0.2/turn               (no ring)

@: no status effects
A: negative energy resistance 1, electricity resistance, unbreathing,
petrification resistance, rot immunity, AC +3
a: no special abilities


You were on level 2 of the Dungeon.
You were not hungry.

You visited 1 branch of the dungeon, and saw 2 of its levels.

You collected 48 gold pieces.

Inventory:

Hand Weapons
 f - a +0 short sword (weapon)
Missiles
 b - 11 stones (quivered)
Armour
 a - a +0 robe of resistance (worn)
Jewellery
 g - a cursed +3 amulet of reflection (around neck)
 h - an uncursed amulet of faith
Scrolls
 i - a scroll of fog
Books
 e - a book of Geomancy

   Spells                             Type                      Level
   a - Sandblast                      Earth                        1
   b - Passwall                       Transmutation/Earth          2
   c - Stone Arrow                    Conjuration/Earth            3
   d - Petrify                        Transmutation/Earth          4
   e - Lee's Rapid Deconstruction     Earth                        5
Comestibles
 c - 4 chunks of flesh
 d - 2 bread rations


   Skills:
 + Level 1.7 Dodging
 + Level 2.8 Stealth
 + Level 2.7 Spellcasting
   Level 0.7 Transmutations
 + Level 4.6 Earth Magic


You had 7 spell levels left.
You knew the following spells:

 Your Spells              Type           Power        Failure   Level  Hunger
a - Sandblast             Erth           ###...       3%          1    #......


Dungeon Overview and Level Annotations

Branches:
Dungeon (2/15)

Altars:


Innate Abilities, Weirdness & Mutations

You are resistant to torment.
Your stone body is resilient. (AC +3)
You are immune to poison.
You resist negative energy. (rN+)
You are resistant to electric shocks. (rElec)
You can survive without breathing.
You are immune to petrification.
You are immune to rotting.


Message History

You barely miss the adder.
The adder is heavily wounded.
The adder barely misses you.
You miss the adder.
The adder is heavily wounded.
The adder misses you. The adder bites you.
* * * LOW HITPOINT WARNING * * *
You miss the adder.
The adder is heavily wounded.
The adder barely misses you.
You closely miss the adder.
The adder is heavily wounded.
You block the adder's attack.
You hit the adder but do no damage.
The adder is heavily wounded.
The adder misses you. The adder closely misses you.
You closely miss the adder.
The adder is heavily wounded.
The adder bites you.
You die...

# #..# # #.. #..
... .. . ..## #.#
#.#.#.#.## .. #.#
#.##.##.##.## #S#
#.##.##.##...
#@####............
#............#####
#.(..........## #
#####.........####
#./......(....
#.........####
##.......## #
##.....## #
##...##


You could see an adder.

Vanquished Creatures
  An adder (D:2)
  An ooze (D:1)
  A dart slug (D:1)
  4 bats
  5 giant cockroaches
  5 goblins
  4 hobgoblins (D:1)
  5 jackals (D:1)
  A frilled lizard (D:2)
  6 kobolds (D:1)
  2 rats (D:1)
35 creatures vanquished.

Notes
Turn   | Place    | Note
-------+----------+-------------------------------------------
     0 | D:1      | JeffiDaFish the Gargoyle Earth Elementalist began the quest for the Orb.
     0 | D:1      | Reached XP level 1. HP: 10/10 MP: 3/3
   277 | D:1      | Reached skill level 4 in Earth Magic
   277 | D:1      | Reached XP level 2. HP: 15/15 MP: 3/5
   691 | D:1      | Reached XP level 3. HP: 17/19 MP: 6/6
  1023 | D:2      | Reached XP level 4. HP: 23/24 MP: 8/8
  1087 | D:2      | Slain by an adder

Vault maps used:
D:1:      sevenhm_arrival_forest_fort_large_2
D:2:      uniq_terence

Skill      XL: |  1 |
---------------+----+-----
Earth Magic    | 4 |  4.6
Dodging        | |  1.7
Stealth        | |  2.8
Spellcasting   | |  2.7
Transmutations | |  0.7

Action                   |  1- 3 |  4- 6 || total
-------------------------+-------+-------++-------
Melee: Unarmed           |     7 |       ||     7
       Short sword       |    64 |    39 ||   103
 Cast: Sandblast         |    23 |     1 ||    24
  Use: Scroll            |     4 |       ||     4
       Potion            |     1 |       ||     1
 Stab: Sleeping          |     3 |       ||     3
  Eat: Chunk             |     1 |       ||     1
Armor: Robe              |    24 |    14 ||    38
Dodge: Dodged            |    44 |    27 ||    71
Block: Other             |     2 |     6 ||     8
